 Dungeon Crawl Stone Soup version 0.20-a0-738-gb057e68 (webtiles) character file.

68 Alarkh the Slasher (level 4, 36/36 HPs)
             Began as a Demonspawn Monk on Feb 23, 2017.
             Was a Believer of Ashenzari.
             Quit the game on level 2 of the Dungeon.
             The game lasted 00:01:56 (1919 turns).

Alarkh the Slasher (Demonspawn Monk)                Turns: 1919, Time: 00:01:57

Health: 36/36      AC:  2    Str: 12    XL:     4   Next: 1%
Magic:  4/4        EV: 13    Int: 12    God:    Ashenzari [**....]
Gold:   65         SH:  0    Dex: 15    Spells: 3/3 levels left

rFire    . . .     SeeInvis .   a - +0 falchion
rCold    . . .     Gourm    .   b - +0 robe
rNeg     . . .     Faith    .   (no shield)
rPois    .         Spirit   .   (helmet restricted)
rElec    .         Reflect  .   (no cloak)
rCorr    .         Harm     .   (no gloves)
MR       .....                  (no boots)
Stlth    ++........             h - amulet of rage
Regen    0.2/turn               (no ring)
MPRegen  0.1/turn               (no ring)

@: no status effects
A: horns 1, demonic guardian 1
a: Curse Item, Scrying, Renounce Religion, Evoke Berserk Rage


You were on level 2 of the Dungeon.
You worshipped Ashenzari.
Ashenzari was pleased with you.
You were not hungry.

You visited 1 branch of the dungeon, and saw 2 of its levels.

You collected 65 gold pieces.

Inventory:

Hand Weapons
 a - a +0 falchion (weapon)
Armour
 b - a +0 robe (worn)
Jewellery
 h - an amulet of rage (around neck)
Scrolls
 e - a scroll of identify
 g - 2 scrolls of teleportation
 k - a scroll of remove curse
 l - a scroll of immolation {unknown}
 m - a scroll of noise {unknown}
 n - a scroll of fog {unknown}
 p - a scroll of enchant armour {unknown}
Potions
 d - a potion of agility
 i - 2 potions of curing {unknown}
 j - 2 potions of brilliance {unknown}
 o - a potion of berserk rage {unknown}
Comestibles
 c - 2 bread rations
 f - 3 chunks of flesh


   Skills:
 + Level 3.6 Fighting
 * Level 3.7 Long Blades
 + Level 3.0 Dodging
 - Level 1.7 Stealth


You had 3 spell levels left.
You didn't know any spells.

Dungeon Overview and Level Annotations

Branches:
Dungeon (2/15)

Altars:
Ashenzari
Cheibriados


Innate Abilities, Weirdness & Mutations

You have a pair of small horns on your head.
A weak demonic guardian rushes to your aid.


Message History

There is a faded altar of an unknown god here.
HP restored.
You now have 65 gold pieces (gained 9).
Done exploring.
Done exploring.
Done exploring.
There is a faded altar of an unknown god here.
You cannot tell which god this altar belongs to.
Convert to them anyway?
Ashenzari accepts your prayer! Ashenzari welcomes you!
You can now scry through walls.
e - a scroll of identify;
f - 3 chunks of flesh;
g - 2 scrolls of teleportation
i - 2 dark potions;
j - 2 cyan potions;
k - a scroll labeled OHAIMOETEA
l - a scroll labeled ANKYXU TISYSUCK;
m - a scroll labeled ERCHECSUSSA
n - a scroll labeled IFEIGU FEQAMEO;
o - a green potion
p - a scroll labeled PYCKAR TIL YXT The more cursed you are, the more Ashenzari supports your skills.
k - a scroll of remove curse You can now curse your items.
Are you sure you want to abandon this character and quit the game? (Confirm with "yes".)

....#.# #.####.# #.#.#.#
###.#.# #.# #.# #.#.#.# #.#.#
#.# #.# #.#.#.# #.#.# #.# #.#
#.#.#.# #.#.#######(####.#
#...#.#
#.#.##....)......############.#
#.#...........................#
#.####.#####..8..##############
#.# #.# #.8@8.# #.# #.# #..8..#
###.# #.# #.....# ....#
#.######..### ##### #........##
..# #.#.###### ..######.#.#
.........#.# ...........#


There were no monsters in sight!

Vanquished Creatures
  An adder (D:2)
  2 worms (D:2)
  2 dart slugs (D:1)
  7 bats
  2 giant cockroaches
  10 goblins
  6 hobgoblins
  A quokka (D:2)
  2 ball pythons
  2 frilled lizards
  4 kobolds (D:2)
  8 rats
47 creatures vanquished.

Notes
Turn   | Place    | Note
-------+----------+-------------------------------------------
     0 | D:1      | Alarkh the Demonspawn Monk began the quest for the Orb.
     0 | D:1      | Reached XP level 1. HP: 18/18 MP: 1/1
   219 | D:1      | Gained mutation: You have a pair of small horns on your head. [demonic ancestry]
   219 | D:1      | Reached XP level 2. HP: 24/24 MP: 2/2
   683 | D:2      | Reached XP level 3. HP: 27/29 MP: 3/3
  1011 | D:2      | Found a snail-covered altar of Cheibriados.
  1581 | D:2      | Found a faded altar of an unknown god.
  1858 | D:2      | Gained mutation: A weak demonic guardian rushes to your aid. [demonic ancestry]
  1858 | D:2      | Reached XP level 4. HP: 32/36 MP: 4/4
  1918 | D:2      | Became a worshipper of Ashenzari the Shackled
  1918 | D:2      | Reached * piety under Ashenzari
  1918 | D:2      | Reached ** piety under Ashenzari
  1919 | D:2      | Quit the game

Vault maps used:
D:1:      erik_arrival_cave_to_civilisation
D:2:      lemuel_coloured_pillars_altar, chequers_ecumenical_altar_simple,
          kennysheep_generic_room_14

Skill      XL: |  1  2  3 |
---------------+----------+-----
Long Blades    | 3 |  3.7
Dodging        | 3 |  3.0
Fighting       | |  3.6
Stealth        | |  1.7

Action                   |  1- 3 |  4- 6 || total
-------------------------+-------+-------++-------
Melee: Falchion          |   132 |       ||   132
       Headbutt          |    15 |       ||    15
 Abil: Evoke Berserk Rag |     1 |       ||     1
  Use: Scroll            |     2 |       ||     2
 Stab: Sleeping          |     6 |       ||     6
       Distracted        |     2 |       ||     2
  Eat: Chunk             |     4 |       ||     4
Armor: Robe              |     9 |       ||     9
Dodge: Dodged            |    91 |       ||    91
       Rpst.: Falchion   |    32 |       ||    32
